 Dungeon Crawl Stone Soup version 0.31-a0-152-g6aa68a64a1 (webtiles) character file.

Game seed: 13302538925329524332

102 qw the Shooter (level 4, -4/42 HPs)
             Began as a Naga Hunter on June 9, 2023.
             Slain by an orc
             ... wielding a +0 hand axe
              (5 damage)
             ... on level 3 of the Dungeon.
             The game lasted 00:00:50 (2566 turns).

qw the Shooter (Naga Hunter)                        Turns: 2566, Time: 00:00:51

Health: -4/42      AC:  2    Str: 13    XL:     4   Next: 77%
Magic:  4/4        EV:  9    Int:  9    God:
Gold:   164        SH:  0    Dex: 17    Spells: 3/3 levels left

rFire   . . .        Y - +3 shortbow
rCold   . . .        (shield currently unavailable)
rNeg    . . .        c - +0 leather armour
rPois   +            (no helmet)
rElec   .            (no cloak)
rCorr   .            (no gloves)
SInv    +            (no barding)
Will    .....        (no amulet)
Stlth   ++           (no ring)
HPRegen 0.27/turn    (no ring)
MPRegen 0.09/turn

%: no passive effects
@: about to teleport, short of breath, very slow
A: AC +1, large, see invisible, deformed body, poison resistance, slowness 2,
spit poison 1, naga tail 1
a: Spit Poison


You were on level 3 of the Dungeon.
You visited 1 branch of the dungeon, and saw 4 of its levels.

You collected 164 gold pieces.


Innate Abilities, Weirdness & Mutations

Your serpentine skin is tough. (AC +1)
You have supernaturally acute eyesight. (SInv)
Armour fits poorly on your strangely shaped body.
Your system is resistant to poisons. (rPois)
You cover ground very slowly.
You can spit poison.
You have a snake-like lower body.


   Skills:
 - Level 3.0 Fighting
 + Level 5.0 Ranged Weapons
 - Level 1.5 Dodging
 - Level 1.5 Stealth


You had 3 spell levels left.
You didn't know any spells.
Your spell library was empty.

Inventory:

Hand Weapons
 Y - a +3 shortbow (weapon)
Armour
 c - a +0 leather armour (worn)
Scrolls
 a - a scroll of identify
Potions
 f - a potion of mutation
 g - a potion of haste
 h - a potion of degeneration {unknown}
 i - a potion of attraction {unknown}

Dungeon Overview and Level Annotations

Branches:
Dungeon (4/15)
 Temple: D:4-7

Altars:

Annotations:
D:3 1 runed translucent door, Crazy Yiuf


Message History

You shoot an arrow. The arrow hits the gnoll!
The gnoll is severely wounded.
You shoot an arrow. The arrow hits the gnoll.
You kill the gnoll!
You have got your breath back.
The orc hits you with a +0 hand axe.
Your Fighting skill increases to level 3!
2559 ||| INVOKING Spit Poison.
Aiming: Spit Poison (1% risk of failure)
Press: ? - help, Shift-Dir - straight line, f - orc The splash of poison misses the orc.
A gnoll comes into view. It is wielding a +0 club.
The gnoll hits you from afar with a +0 halberd!
The orc hits you with a +0 hand axe.
You hear a shout!
2560 ||| STAIRDANCE The gnoll hits you from afar with a +0 halberd!
The orc barely misses you.
You climb upwards.
Level annotation: 1 runed translucent door, Crazy Yiuf
There is a stone staircase leading down here.
You shoot an arrow. The arrow barely misses the orc.
The orc hits you with a +0 hand axe.
You shoot an arrow. The arrow barely misses the orc.
The orc hits you with a +0 hand axe.
2564 ||| READING scroll of teleportation.
As you read the scroll of teleportation, it crumbles to dust.
You feel strangely unstable. The orc hits you with a +0 hand axe.
You shoot an arrow. The arrow hits the orc.
The orc is moderately wounded.
You have got your breath back.
The orc hits you with a +0 hand axe.
2566 ||| INVOKING Spit Poison.
Aiming: Spit Poison (1% risk of failure)
Press: ? - help, Shift-Dir - straight line, f/p - orc The splash of poison hits the orc.
The orc is severely wounded.
The orc hits you with a +0 hand axe.
You die...

######## #......#
###.####.#
....####.#####
##..#........#####
#..#.##.###....@#
#.....#.# #####o#
#.......# #.#
#.####### #.# ####
#.# #..# #.#
##.####### #.#
#.#.....# #.#
#.#.....# ####.###


You could see an orc.

Vanquished Creatures
  A gnoll (D:4)
  2 adders (D:2)
  An adder zombie (D:3)
  2 worms (D:2)
  3 dart slugs
  6 bats
  3 endoplasms
  2 giant cockroaches (D:2)
  7 goblins
  8 hobgoblins
  4 jackals (D:1)
  3 quokkas
  2 ball pythons (D:2)
  A ball python skeleton (D:3)
  4 frilled lizards
  2 kobolds
  A quokka zombie (D:3)
  3 rats
55 creatures vanquished.

Notes
Turn   | Place    | Note
-------+----------+-------------------------------------------
     0 | D:1      | qw the Naga Hunter began the quest for the Orb.
     0 | D:1      | Reached XP level 1. HP: 19/19 MP: 1/1
     0 | D:1      | 0 ||| qw: Version: 0.2-a-122-gbc61b45
     0 | D:1      | 0 ||| qw: Game counter: 3312
     0 | D:1      | 0 ||| qw: Always use a shield: true
     0 | D:1      | 0 ||| qw: God list: Okawaru
     0 | D:1      | 0 ||| qw: Allow faded altars: false
     0 | D:1      | 0 ||| qw: Do Orc after D:15 true
     0 | D:1      | 0 ||| qw: Do second Lair branch before Depths: true
     0 | D:1      | 0 ||| qw: Lair rune preference: random
     0 | D:1      | 0 ||| qw: Plans: Normal
     0 | D:1      | 0 ||| PLANNING D:1-11
     9 | D:1      | 9 ||| INVOKING Spit Poison.
    15 | D:1      | 15 ||| INVOKING Spit Poison.
    41 | D:1      | 41 ||| INVOKING Spit Poison.
    60 | D:1      | 60 ||| INVOKING Spit Poison.
    63 | D:1      | Found a faded altar of an unknown god.
    72 | D:1      | 72 ||| FLEEEEING.
    74 | D:1      | 74 ||| FLEEEEING.
    75 | D:1      | 75 ||| FLEEEEING.
    76 | D:1      | 76 ||| FLEEEEING.
    77 | D:1      | 77 ||| FLEEEEING.
    83 | D:1      | 83 ||| FLEEEEING.
    84 | D:1      | 84 ||| FLEEEEING.
    87 | D:1      | Reached skill level 4 in Ranged Weapons
    87 | D:1      | Reached XP level 2. HP: 25/26 MP: 2/2
   206 | D:1      | 206 ||| INVOKING Spit Poison.
   255 | D:1      | 255 ||| INVOKING Spit Poison.
   258 | D:1      | 258 ||| INVOKING Spit Poison.
   465 | D:1      | 465 ||| INVOKING Spit Poison.
   470 | D:1      | 470 ||| INVOKING Spit Poison.
   476 | D:1      | 476 ||| INVOKING Spit Poison.
   925 | D:1      | 925 ||| READING scroll labelled LUALIH QYUPH.
   926 | D:1      | 926 ||| READING 3 scrolls labelled JAG KENOTUODIERREO.
   927 | D:1      | 927 ||| READING 2 scrolls of enchant weapon.
   927 | D:1      | 927 ||| ENCHANTING +1 shortbow.
   928 | D:1      | 928 ||| READING scroll of enchant weapon.
   928 | D:1      | 928 ||| ENCHANTING +2 shortbow.
   929 | D:1      | 929 ||| READING scroll labelled MONTAZ OKISE.
   930 | D:1      | 930 ||| READING scroll labelled JIYZETUOPI.
   934 | D:1      | 934 ||| READING scroll labelled BORECIY VAMU.
   935 | D:1      | 935 ||| DROPPING scroll of butterflies.
   977 | D:2      | 977 ||| INVOKING Spit Poison.
  1071 | D:2      | 1071 ||| INVOKING Spit Poison.
  1075 | D:2      | Reached XP level 3. HP: 32/32 MP: 3/3
  1084 | D:2      | 1084 ||| INVOKING Spit Poison.
  1101 | D:2      | 1101 ||| INVOKING Spit Poison.
  1138 | D:2      | 1138 ||| INVOKING Spit Poison.
  1151 | D:2      | 1151 ||| INVOKING Spit Poison.
  1184 | D:2      | 1184 ||| INVOKING Spit Poison.
  1195 | D:2      | 1195 ||| INVOKING Spit Poison.
  1215 | D:2      | 1215 ||| INVOKING Spit Poison.
  1223 | D:2      | 1223 ||| INVOKING Spit Poison.
  1226 | D:2      | 1226 ||| INVOKING Spit Poison.
  1238 | D:2      | 1238 ||| INVOKING Spit Poison.
  1241 | D:2      | 1241 ||| INVOKING Spit Poison.
  1445 | D:2      | 1445 ||| INVOKING Spit Poison.
  1449 | D:2      | 1449 ||| INVOKING Spit Poison.
  1597 | D:2      | 1597 ||| INVOKING Spit Poison.
  1690 | D:2      | 1690 ||| INVOKING Spit Poison.
  1694 | D:2      | Reached skill level 5 in Ranged Weapons
  1694 | D:2      | Reached XP level 4. HP: 39/39 MP: 4/4
  1694 | D:2      | 1694 ||| INVOKING Spit Poison.
  1700 | D:2      | 1700 ||| INVOKING Spit Poison.
  1754 | D:2      | 1754 ||| READING scroll labelled OFUUNGIRHO.
  1755 | D:2      | 1755 ||| READING 3 scrolls of identify.
  1755 | D:2      | 1755 ||| IDENTIFYING orange potion
  1756 | D:2      | 1756 ||| READING 2 scrolls of identify.
  1756 | D:2      | 1756 ||| IDENTIFYING lumpy cyan potion
  1757 | D:2      | 1757 ||| DROPPING potion of enlightenment.
  1793 | D:3      | 1793 ||| INVOKING Spit Poison.
  1795 | D:3      | 1795 ||| STAIRDANCE
  1856 | D:3      | 1856 ||| INVOKING Spit Poison.
  2032 | D:3      | 2032 ||| INVOKING Spit Poison.
  2070 | D:3      | 2070 ||| INVOKING Spit Poison.
  2278 | D:3      | 2278 ||| INVOKING Spit Poison.
  2291 | D:3      | Found a runed translucent door.
  2292 | D:3      | Noticed Crazy Yiuf
  2522 | D:3      | 2522 ||| DROPPING ring of flight.
  2523 | D:3      | 2523 ||| READING 2 scrolls labelled URGHUJ VANOORIN.
  2524 | D:3      | 2524 ||| READING scroll labelled RAHUEG LEOHO.
  2525 | D:3      | 2525 ||| READING 2 scrolls of identify.
  2525 | D:3      | 2525 ||| IDENTIFYING sedimented purple potion
  2526 | D:3      | 2526 ||| DROPPING scroll of noise.
  2556 | D:4      | 2556 ||| INVOKING Spit Poison.
  2559 | D:4      | Reached skill level 3 in Fighting
  2559 | D:4      | 2559 ||| INVOKING Spit Poison.
  2560 | D:4      | 2560 ||| STAIRDANCE
  2563 | D:3      | HP: 7/42 [orc/+0 hand axe (5)]
  2564 | D:3      | 2564 ||| READING scroll of teleportation.
  2564 | D:3      | HP: 2/42 [orc/+0 hand axe (6)]
  2566 | D:3      | 2566 ||| INVOKING Spit Poison.
  2566 | D:3      | Slain by an orc

Levels and vault maps discovered:
D:1:      scummos_arrival_simple_crosswalls, layout_basic,
          ebering_ecumenical_altar_hall
D:2:      layout_loops_cross, chequers_serial_rivers_small_b,
          minmay_indecisive_spiral
D:3:      layout_loops_cross, serial_undead, serial_undead_f, serial_undead_b,
          serial_undead_d, serial_undead_a, grunt_ministairs_13,
          uniq_crazy_yiuf_cottage
D:4:      minmay_chambers_of_threes, layout_rooms, corexii_corridor_pit,
          nicolae_elevator_lobby_asterisk, uniq_grinder

Skill      XL: |  1  2  3  4 |
---------------+-------------+-----
Ranged Weapons | 4 5 |  5.0
Fighting       | 3 |  3.0
Dodging        | |  1.5
Stealth        | |  1.5

Action                     |  1- 3 |  4- 6 || total
---------------------------+-------+-------++-------
   Fire: Shortbow          |    83 |    35 ||   118
Ability: Spit Poison       |    27 |    10 ||    37
    Use: Scroll            |     7 |     7 ||    14
 Armour: Leather armour    |     5 |     1 ||     6
  Dodge: Dodged            |    20 |     5 ||    25

Table legend:
 A = Non-vault XP
 B = Vault XP
 C = Vault XP percentage of total XP
 D = Non-vault monster count
 E = Vault monster count
 F = Vault count percentage of total count
                 A         B        C        D         E       F
            +---------+---------+-------+---------+---------+-------
      Total |     128 |      18 |  12.3 |      46 |       9 |  16.4
            +---------+---------+-------+---------+---------+-------
        D:1 |      26 |       0 |   0.0 |      14 |       0 |   0.0
        D:2 |      70 |       9 |  11.4 |      23 |       5 |  17.9
        D:3 |      18 |       9 |  33.3 |       8 |       4 |  33.3
        D:4 |      14 |       0 |   0.0 |       1 |       0 |   0.0
            +---------+---------+-------+---------+---------+-------
